AoeStats
← guarnere44

Nomad

509475803Analyzed
4v4 RM · 4d ago on Sep 26, 2026· 28m 25s· 8 players
Game mode
Random Map
Map size
231×231
Population
200
Speed
Normal
Resources
Standard
Victory
Conquest
Starting age
Dark Age
Ending age
Imperial Age
RankedLock teamsTeams togetherTeam positionsShared explorationLock speedFull tech treeHidden civsTurbo modeCheats
Victory
Defeat
🇮🇳 Koreans · India
1657
+11
🇺🇸 Dravidians · United States
1618
+12
🇪🇸 Poles · Spain
1594
+13
🇹🇼 Varangians · Taiwan
1590
+13
1637
-16
🇫🇷 Vietnamese · France
1538
-12
🇳🇱 Lithuanians · Netherlands
1491
-11
🇫🇷 Koreans · France
1471
-10
騷護士
3:17 Loom
15:25 Feudal Age
19:28 Castle Age
20:43 Scale Barding Armor
22:11 Scale Barding Armor
Glaki
13:14 Feudal Age
17:15 Castle Age
15:54 Double-Bit Axe
15:54 Horse Collar
19:23 Bow Saw
19:14 Heavy Plow
23:31 Wheelbarrow
22:41 Loom
22:43 Town Watch
25:09 Hand Cart
25:24 Scale Barding Armor
25:30 Forging
27:29 Chain Barding Armor
27:32 Szlachta Privileges
28:08 Bloodlines
27:58 Husbandry
29:16 Chain Barding Armor
kerwin
4:25 Loom
13:45 Feudal Age
18:43 Castle Age
17:03 Double-Bit Axe
17:56 Fishing Lines
18:36 Fletching
19:49 Bow Saw
22:44 Town Watch
24:15 Horse Collar
28:31 Wheelbarrow
JonnyTheMonkey
4:59 Loom
13:06 Feudal Age
14:55 Double-Bit Axe
16:49 Forging
20:15 Castle Age
18:16 Fishing Lines
21:05 Medium Warships
21:35 Iron Casting
21:32 Bow Saw
21:50 Gillnets
23:03 Horse Collar
26:43 Fletching
26:59 Gold Mining
27:36 Bodkin Arrow
guarnere44
5:48 Loom
12:59 Feudal Age
13:37 Double-Bit Axe
16:19 Fishing Lines
16:57 Forging
22:59 Castle Age
23:54 Medium Warships
24:30 Iron Casting
24:23 Bow Saw
25:18 Clinker Construction
25:19 Careening
25:59 Gillnets
[AHOU] Ezio Auditore Da Firenze
3:16 Loom
13:15 Feudal Age
17:32 Castle Age
15:26 Double-Bit Axe
17:11 Horse Collar
18:29 Bow Saw
21:12 Town Watch
21:52 Husbandry
23:22 Bloodlines
25:30 Wheelbarrow
Hugo4774
5:39 Loom
13:16 Feudal Age
14:44 Fishing Lines
14:58 Fletching
15:07 Double-Bit Axe
20:14 Wheelbarrow
19:39 Town Watch
23:47 Castle Age
22:08 Horse Collar
22:21 Gold Mining
23:30 Town Watch
24:40 Bow Saw
24:37 Bodkin Arrow
Zantorix
4:16 Loom
13:31 Feudal Age
16:22 Fletching
22:32 Double-Bit Axe
26:10 Castle Age
26:17 Stone Mining
27:44 Bow Saw
27:22 Town Watch
28:13 Wheelbarrow
Connection lost

Rejoining the realm…

Still unreachable

The connection could not be restored.

Session expired

The server has moved on; the page needs a fresh start.